[Event "Late-Titled-Tuesday-Blitz-June-25-2024"]
[Site "Chess.com"]
[Date "2024.06.25"]
[Round "1"]
[White "GlavkonVVS"]
[Black "cthulhuuu"]
[Result "0-1"]
[WhiteElo "2633"]
[BlackElo "2378"]
[TimeControl "180+1"]
[EndTime "14:08:10 PDT"]
[Termination "cthulhuuu won by checkmate"]

1. c4 Nf6 2. Nc3 g6 3. Nf3 Bg7 4. d4 O-O 5. Bg5 d6 6. e3 c5 7. Be2 Nc6 8. h3 e5 9. dxc5 dxc5 10. Qxd8 Rxd8 11. Nd5 Nxd5 12. Bxd8 Ndb4 13. Rd1 e4 14. Ng5 f5 15. a3 Nc2+ 16. Kd2 Nxa3 17. bxa3 Nxd8 18.
Kc2 Nc6 19. h4 Ne5 20. Rd8+ Bf8 21. f4 Nc6 22. Rd2 h6 23. Nh3 Be6 24. Rc1 Na5 25. Rb1 b6 26. Nf2 Nxc4 27. Bxc4 Bxc4 28. Rd7 Be6 29. Rc7 c4 30. a4 Bc5 31. Rxc5 bxc5 32.
Rd1 Kf7 33. Rd6 Ke7 34. Rc6 Rd8 35. Rxc5 Rd7 36. g3 Rb7 37. Nd1 Kd6 38. Ra5 c3 39.
Nxc3 Bb3+ 40. Kd2 Bc4 41. Kc1 Bd3 42. Rd5+ Ke6 43. Re5+ Kf6 44. Nd5+ Kf7 45. a5 Rb1+ 46. Kd2 Rg1 47. Re7+ Kf8 48. Rxa7 Rxg3 49. h5 gxh5 50.
Nf6 h4 51. Rh7 Rg6 52. Nd7+ Kg8 53. Re7 h3 54. Ne5 Rg2+ 55. Kc3 h2 56. Nxd3 exd3 57.
a6 h1=Q 58. a7 Rc2+ 59. Kxd3 Qd1# 0-1

[Event "Late-Titled-Tuesday-Blitz-June-25-2024"]
[Site "Chess.com"]
[Date "2024.06.25"]
[Round "1"]
[White "SchmakAttack"]
[Black "Frankie_Badacsonyi"]
[Result "1-0"]
[WhiteElo "2869"]
[BlackElo "2488"]
[TimeControl "180+1"]
[EndTime "14:08:11 PDT"]
[Termination "SchmakAttack won by resignation"]

1. d4 d5 2. c4 e6 3. Nc3 a6 4.
cxd5 exd5 5. Bf4 c6 6. e3 Bd6 7. Bd3 Bxf4 8. exf4 Nf6 9. h3 O-O 10. Nf3 Qd6 11. Ne5 Nfd7 12. O-O Nf6 13. g4 c5 14. dxc5 Qxc5 15. Rc1 Qb4 16. Qf3 Nc6 17. g5 Ne4 18. Nxd5 Nxe5 19. Qxe4 Qxe4 20. Bxe4 Nc6 21. f5 g6 22.
fxg6 hxg6 23. Kg2 Kg7 24. Kg3 Re8 25. f3 Rh8 26. h4 Nd4 27. Rc7 Bf5 28. Rxb7 Rab8 29.
Rxb8 Rxb8 30. b3 Re8 31. Rd1 Ne2+ 32. Kf2 Bxe4 33. Nf6 Rh8 34. fxe4 Nf4 35. Kg3 Ne6 36. Rd7 Rc8 37. Rd6 a5 38. Ra6 Rc5 39. Ra8 Nf8 40.
Kg4 Rc2 41. a4 Rc3 42. Rb8 Re3 43. Kf4 Rh3 44. Kg4 Re3 45. Ra8 Rxb3 46. Rxa5 Rb4 47. Ra8 Rb1 48. a5 Rg1+ 49. Kf3 Rh1 50. Kg3 Rg1+ 51.
Kh2 Ra1 52. a6 Ra3 53. Kg2 Ra4 54. Kf3 Ra3+ 55. Kf4 Ra5 56. Ke3 Ra4 57. Kd3 1-0

[Event "Late-Titled-Tuesday-Blitz-June-25-2024"]
[Site "Chess.com"]
[Date "2024.06.25"]
[Round "1"]
[White "igorkovalenko"]
[Black "Cheer_Down"]
[Result "1-0"]
[WhiteElo "2994"]
[BlackElo "2509"]
[TimeControl "180+1"]
[EndTime "14:08:12 PDT"]
[Termination "igorkovalenko won by resignation"]

1. d4 d5 2. Bf4 Nf6 3. e3 e6 4. c3 c5 5. Nd2 Nc6 6. Ngf3 Bd6 7. Bg3 O-O 8. Bb5 Ne7 9. Bd3 b6 10. Ne5 Bb7 11. Bh4 Nf5 12. Bxf5 exf5 13. O-O Be7 14.
Qc2 Ne4 15. Bxe7 Qxe7 16. Rfe1 f6 17. Nd3 Rac8 18. Nf1 Ba6 19. Nf4 Bb7 20. f3 Nd6 21. Rad1 Qf7 22. Ng3 g6 23. Qa4 Bc6 24. Qb3 Nc4 25.
Kf2 Rfe8 26. Nd3 Ba8 27. Nf1 Kg7 28. Qc2 Bb7 29. Nf4 Rcd8 30. a4 Qc7 31. b3 Nxe3 32. Rxe3 Qxf4 33. g3 Qc7 34. Qd2 Rxe3 35. Qxe3 Ba6 36.
Nd2 Kf7 37. Re1 Bc8 38. Qh6 Kg8 39. Qe3 Kf7 40. h4 cxd4 41. Qxd4 Qc5 42. Qxc5 bxc5 43. b4 d4 44. Nb3 cxb4 45. cxb4 Bd7 46. Nc5 Bc6 47.
Rd1 Rd5 48. a5 Bb5 49. Rd2 a6 50. f4 h6 51. Nb3 d3 52. Ke3 g5 53. Nd4 gxh4 54.
gxh4 Bc4 55. Nf3 Rd7 56. h5 Bb5 57. Nd4 Re7+ 58. Kf2 Bc4 59. Nc6 Re4 60. Kf3 Re8 61. Kf2 Re4 62. Nd8+ Ke8 63. Nb7 Re2+ 64. Rxe2+ dxe2 65.
Nd6+ Ke7 66. Nxc4 1-0

[Event "Late-Titled-Tuesday-Blitz-June-25-2024"]
[Site "Chess.com"]
[Date "2024.06.25"]
[Round "1"]
[White "Statham_01"]
[Black "Talent-OF-Slovenia"]
[Result "1-0"]
[WhiteElo "2714"]
[BlackElo "2420"]
[TimeControl "180+1"]
[EndTime "14:08:13 PDT"]
[Termination "Statham_01 won by resignation"]

1. e4 e6 2. d4 d5 3. Bd3 dxe4 4. Bxe4 Nf6 5. Bf3 c5 6. Ne2 Be7 7. O-O O-O 8. Nbc3 Nc6 9. Be3 cxd4 10. Nxd4 Nxd4 11. Qxd4 Qa5 12. a3 Rd8 13. Qf4 e5 14. Qg3 Bf5 15. Rac1 e4 16. Be2 Bg6 17. f4 exf3 18.
Bxf3 Bc5 19. Bxc5 Qxc5+ 20. Qf2 Qc7 21. Nb5 Qb8 22. c4 a6 23. Nc3 Bd3 24. Rfd1 Bxc4 25. Rxd8+ Qxd8 26. Bxb7 Rb8 27. Bf3 h6 28. h3 Be6 29. b4 Rc8 30. Rd1 Qc7 31. Ne4 Nxe4 32. Bxe4 Qc3 33. Qd4 f5 34. Bb7 Qxd4+ 35. Rxd4 Rc3 36.
a4 Rc1+ 37. Kh2 Ra1 38. a5 g5 39. Bxa6 f4 40. Re4 Bd5 41. Bc4 Bxc4 42. Rxc4 Ra2 43.
Rc3 Kf7 44. Rb3 Ke6 45. Kg1 Ke5 46. Kf1 Kd4 47. b5 Rxa5 48. b6 Ra8 49. b7 Rb8 50. Kf2 Kd5 51. Kf3 Kc6 52. Kg4 Rxb7 53. Rxb7 Kxb7 54.
Kh5 Kc6 55. Kxh6 Kd5 56. Kxg5 Ke4 57. Kg4 Ke3 58. h4 f3 59. gxf3 1-0

[Event "Late-Titled-Tuesday-Blitz-June-25-2024"]
[Site "Chess.com"]
[Date "2024.06.25"]
[Round "1"]
[White "Akhayan"]
[Black "WanderingPuppet"]
[Result "1-0"]
[WhiteElo "2394"]
[BlackElo "2643"]
[TimeControl "180+1"]
[EndTime "14:08:13 PDT"]
[Termination "Akhayan won on time"]

1. e4 c5 2. Nf3 d6 3. d4 cxd4 4. Nxd4 Nf6 5. Nc3 a6 6. Bc4 e6 7. Bb3 Be7 8. O-O O-O 9. f4 Qc7 10. f5 e5 11. Nde2 h6 12. Kh1 b5 13. Ng3 Bb7 14.
Nh5 Nbd7 15. Nxf6+ Nxf6 16. a3 Rac8 17. Be3 Bc6 18.
Qf3 Qb7 19. Qg3 Kh7 20. Rae1 Nxe4 21. Nxe4 Bxe4 22. f6 Bxf6 23. Rxf6 gxf6 24. Qh3 Bxg2+ 25. Qxg2 Qxg2+ 26. Kxg2 d5 27. c3 Rcd8 28. Bc2+ Kg7 29. Bf5 d4 30. cxd4 exd4 31. Bd2 Rfe8 32. Be4 f5 33.
Bxf5 Rxe1 34. Bxe1 d3 35. Bd2 f6 36. Kf2 Rd5 37. Be4 Rd4 38. Ke3 Rd8 39. Bxd3 Rd7 40. Bc3 Kf7 41. Bc2 Re7+ 42. Kf3 Rd7 43. Bb3+ Kg7 44. h4 Rd8 45. Kf4 Rd3 46. Bc2 Rh3 47. Kg4 Rh2 48. Be4 Rf2 49. h5 a5 50. Bxa5 Rxb2 51. Bb4 Rb3 52. Bc6 Rb1 53. Bxb5 Rg1+ 54. Kf3 Ra1 55. a4 Ra2 56. Bd6 Kf7 57. Bf4 Kg7 58.
Be3 Ra3 59. Kf4 Ra1 60. Bb6 Kh8 61. Bd4 Rf1+ 62. Bxf1 1-0

[Event "Late-Titled-Tuesday-Blitz-June-25-2024"]
[Site "Chess.com"]
[Date "2024.06.25"]
[Round "1"]
[White "tarno17"]
[Black "Flaccidmoves"]
[Result "1/2-1/2"]
[WhiteElo "2177"]
[BlackElo "2550"]
[TimeControl "180+1"]
[EndTime "14:08:14 PDT"]
[Termination "Game drawn - insufficient material"]

1. e4 g6 2. d4 Bg7 3. Nc3 d6 4. Be3 Nf6 5. Qd2 a6 6. O-O-O b5 7. f3 Bb7 8. g4 h5 9. g5 Nfd7 10. Bg2 b4 11. Nce2 a5 12. f4 Na6 13. d5 Nac5 14.
Bd4 Bxd4 15. Qxd4 O-O 16. Ng3 c6 17. Bf3 cxd5 18. exd5 Rc8 19. Kb1 e5 20. dxe6 Nxe6 21. Qxd6 Qc7 22. Qxc7 Rxc7 23. Bxb7 Rxb7 24. N1e2 Rc8 25.
h4 Nb6 26. b3 a4 27. f5 Nc5 28. fxg6 fxg6 29. Rd6 Kg7 30. Rf1 Nbd7 31. Nd4 a3 32. Nge2 Rf8 33. Rxf8 Kxf8 34. Nf4 Ne5 35. Nde6+ Nxe6 36. Rxe6 Rd7 37. Nd3 Nxd3 38. cxd3 Kg7 39. Re3 Rd4 40. Rh3 Rg4 41. Rh2 Rg1+ 42. Kc2 Ra1 43. Rd2 Rxa2+ 44. Kc1 Ra1+ 45. Kc2 Rh1 46. d4 Kf7 47.
Kd3 Ke7 48. Kc4 Rxh4 49. Kxb4 a2 50. Rxa2 Rxd4+ 51. Kc5 Rd1 52. Ra6 Kf7 53. b4 h4 54.
b5 h3 55. Ra7+ Ke6 56. Rh7 Kf5 57. Rxh3 Kxg5 58. b6 Rb1 59. Kc6 Kf4 60. Kc7 g5 61. b7 g4 62. Rh7 g3 63. b8=Q Rxb8 64. Kxb8 g2 65. Rf7+ Kg3 66. Rg7+ Kf2 67. Rxg2+ Kxg2 1/2-1/2

[Event "Late-Titled-Tuesday-Blitz-June-25-2024"]
[Site "Chess.com"]
[Date "2024.06.25"]
[Round "1"]
[White "Navyblue1"]
[Black "VaglioSagan"]
[Result "0-1"]
[WhiteElo "2175"]
[BlackElo "2560"]
[TimeControl "180+1"]
[EndTime "14:08:15 PDT"]
[Termination "VaglioSagan won on time"]

1. d4 d5 2. c4 c6 3. cxd5 cxd5 4.
Nc3 Nf6 5. Bg5 Nc6 6. e3 a6 7. Bd3 e6 8. Nf3 Be7 9. O-O O-O 10. h3 Bd7 11. Rc1 b5 12. Bb1 Rc8 13. Re1 h6 14. Bxf6 Bxf6 15. e4 b4 16. Ne2 dxe4 17. Bxe4 Ne7 18.
Nf4 Bc6 19. Bxc6 Nxc6 20. Rc4 Nxd4 21. Rxd4 Bxd4 22. Qxd4 Qxd4 23. Nxd4 Rfd8 24. Nfe2 e5 25. Nf5 Kf8 26. Ne3 Rd2 27. b3 Rxa2 28. Ng3 Rb2 29. Ra1 Rc6 30. Ne4 Rxb3 31. Nd5 f5 32. Nd2 Rd3 33. Nxb4 Rcd6 34. Nxd3 Rxd3 35. Nf3 e4 36.
Ne1 Rd6 37. Kf1 Ke7 38. Ra5 g6 39.
Ke2 Rb6 40. Nc2 Kf6 41. Ne3 Kg5 42. g3 h5 43. Kf1 h4 44. Kg2 hxg3 45. Kxg3 Rb5 46.
Rxb5 axb5 47. Nd5 Kh5 48. Kf4 Kh4 49. Ne7 Kxh3 50. Nxg6 Kg2 51. Ke3 b4 52. Ne5 Kf1 53.
Nc4 Kg2 54. Kf4 Kxf2 55. Kxf5 e3 56. Ke4 e2 57. Nb2 b3 58. Nd3+ Kf1 59. Kd4 b2 60. Nxb2 e1=Q 61. Nd3 Qd2 0-1

[Event "Late-Titled-Tuesday-Blitz-June-25-2024"]
[Site "Chess.com"]
[Date "2024.06.25"]
[Round "1"]
[White "yaguigor"]
[Black "Fore_Man"]
[Result "1/2-1/2"]
[WhiteElo "2554"]
[BlackElo "2188"]
[TimeControl "180+1"]
[EndTime "14:08:16 PDT"]
[Termination "Game drawn - insufficient material"]

1. Nf3 Nf6 2. c4 e6 3. Nc3 d5 4. d4 dxc4 5. e3 c5 6. Bxc4 Nc6 7. O-O cxd4 8. exd4 Be7 9. a3 O-O 10. Qd3 Nd5 11. Bd2 b6 12. Rad1 Bb7 13. Rfe1 Na5 14.
Ba2 Rc8 15. Bb1 g6 16. Bh6 Re8 17. Ne4 Nf6 18. Nc3 Nc4 19. Re2 Qc7 20. Rc1 Qb8 21.
Ba2 Bd5 22. Nxd5 exd5 23. Rce1 Bf8 24. Rxe8 Nxe8 25. Bxf8 Kxf8 26. Ne5 Qc7 27. Qf3 Rd8 28. Bxc4 dxc4 29. Qf4 Kg8 30. Rc1 Nd6 31. Rc3 b5 32. h4 Nf5 33. Nxg6 Qxf4 34. Nxf4 Rxd4 35. g3 Nxh4 36.
Re3 Ng6 37. Nxg6 hxg6 38. Re7 Rd2 39. Rxa7 Rxb2 40. Rc7 Rb3 41. a4 bxa4 42. Rxc4 a3 43. Ra4 Kg7 44. Ra6 Kh6 45. Kg2 Kg5 46. Ra5+ Kf6 47. f4 Ke6 48. Kh3 Kd6 49. Kh4 Kc6 50. g4 Kb6 51. Ra8 Kc5 52. Kg5 Rf3 53. f5 gxf5 54. gxf5 Kb4 55. Ra7 Kb3 56. Rxf7 a2 57.
Ra7 Kb2 58. Rxa2+ Kxa2 59. f6 Kb3 60. Kg6 Kc4 61. f7 Kd5 62. Kg7 Rg3+ 63. Kh7 Rh3+ 64. Kg7 Rg3+ 65. Kh7 Rf3 66. Kg7 Ke6 67. f8=Q Rxf8 68.
Kxf8 1/2-1/2

[Event "Late-Titled-Tuesday-Blitz-June-25-2024"]
[Site "Chess.com"]
[Date "2024.06.25"]
[Round "1"]
[White "MyDream003"]
[Black "stasOR4ik"]
[Result "1-0"]
[WhiteElo "2787"]
[BlackElo "2454"]
[TimeControl "180+1"]
[EndTime "14:08:17 PDT"]
[Termination "MyDream003 won on time"]

1. e4 c6 2. d4 d5 3. e5 c5 4. Nf3 Bg4 5. dxc5 e6 6. Be3 Bxf3 7.
Qxf3 Nd7 8. Qg3 Ne7 9. Bd3 Nc6 10.
f4 d4 11. Bf2 Nxc5 12. O-O Nxd3 13. cxd3 Qd5 14. Nd2 Bb4 15. Ne4 O-O-O 16. Rfc1 Kb8 17.
a3 Be7 18. b4 f5 19. Nc5 g5 20. fxg5 Nxe5 21. Re1 Bd6 22. Qh4 Bxc5 23. Rxe5 Qxe5 24. Bg3 Qxg3 25. Qxg3+ Bd6 26. Qh4 e5 27. Rf1 Rdf8 28.
Qh6 Bc7 29. Qe6 f4 30. Rc1 Re8 31. Qf7 Bb6 32. a4 a6 33. a5 Bd8 34. Qd7 Bxg5 35. Rc7 Re7 36. Rxb7+ Ka8 37. Ra7+ Kb8 38. Rb7+ Ka8 39.
Ra7+ Kb8 40. Qd6+ Kxa7 41. Qb6+ Ka8 42. Qxa6+ Kb8 43. Qd6+ Rc7 44. b5 Kc8 45. Qe6+ Rd7 46. b6 Rd8 47. Qxe5 h6 48. a6 f3 49. gxf3 Be3+ 50. Kf1 Rd6 51. Qc5+ Kd7 52. Qc7+ Ke6 53. b7 Rg8 54. Qc8+ 1-0

[Event "Late-Titled-Tuesday-Blitz-June-25-2024"]
[Site "Chess.com"]
[Date "2024.06.25"]
[Round "1"]
[White "TOCANTINS_TO"]
[Black "malakismayil"]
[Result "0-1"]
[WhiteElo "2041"]
[BlackElo "2548"]
[TimeControl "180+1"]
[EndTime "14:08:18 PDT"]
[Termination "malakismayil won by checkmate"]

1. e4 e5 2. Nf3 Nc6 3. d4 exd4 4. Nxd4 Bc5 5. Be3 Qf6 6. c3 Nge7 7. Bc4 O-O 8. O-O b6 9. Nc2 Ne5 10. Be2 Qc6 11. f3 f5 12. Bxc5 Qxc5+ 13. Qd4 Bb7 14. Nd2 fxe4 15. Nxe4 Bxe4 16. fxe4 N7c6 17. Qxc5 bxc5 18.
b3 Ne7 19. Ne3 d6 20. Nc4 N7g6 21. g3 Rae8 22. Rxf8+ Kxf8 23. Rf1+ Ke7 24. Ne3 Kd8 25. Bd1 Ne7 26. Ng4 N7c6 27. Nxe5 Nxe5 28. Bc2 Ke7 29. Kg2 Ng4 30. Rf3 Ne5 31. Rf1 c4 32. b4 Rb8 33. h3 a5 34. a3 axb4 35. axb4 Ra8 36. Rc1 Ra2 37. Kf1 Ra3 38. Bb1 Ra1 39. Ke2 Nd3 40. Rd1 Ne5 41. Ke3 Ra8 42. Bc2 Rf8 43. Kd4 Rf3 44. g4 Rxh3 45. Ra1 Rh2 46. Bb1 Rd2+ 47.
Ke3 Rg2 48. Ra7 Kd7 49. Kf4 Rb2 50. Ba2 Rf2+ 51. Ke3 Rf3+ 52. Kd4 Nxg4 53. Bxc4 Ne5 54. Bb5+ Kd8 55. Ra8+ Ke7 56. Re8+ Kf7 57. Rc8 c6 58. Rc7+ Kf6 59. Bxc6 Rd3# 0-1

[Event "Late-Titled-Tuesday-Blitz-June-25-2024"]
[Site "Chess.com"]
[Date "2024.06.25"]
[Round "1"]
[White "NicolaiMaxime"]
[Black "Indefatigable11"]
[Result "1/2-1/2"]
[WhiteElo "2696"]
[BlackElo "2415"]
[TimeControl "180+1"]
[EndTime "14:08:19 PDT"]
[Termination "Game drawn - insufficient material"]

1. c4 e5 2. Nc3 Nf6 3. f4 exf4 4.
d4 d5 5. Bxf4 c6 6. e3 Bf5 7.
Bd3 Bxd3 8. Qxd3 Nbd7 9. Nge2 Be7 10. O-O O-O 11. Ng3 Re8 12. Nf5 Bf8 13. Rae1 Ne4 14. Nxe4 Rxe4 15. Ng3 Re8 16. cxd5 cxd5 17. Qf5 Nb6 18.
Be5 f6 19. Bf4 Qc8 20. Rc1 Qxf5 21. Nxf5 Rac8 22. b3 g6 23. Nd6 Bxd6 24. Bxd6 f5 25. Bf4 Nd7 26. Bg5 Kf7 27. g4 Rxc1 28. Rxc1 Re4 29.
Rc7 Rxg4+ 30. Kf2 Ke6 31. Bf4 Nf6 32. Rxb7 Ne4+ 33. Kf1 g5 34. Be5 a5 35. Rb6+ Kd7 36.
Rb5 Nc3 37. Rxa5 Re4 38. Ra7+ Ke8 39. Rc7 Nxa2 40. Ke2 Nb4 41. Kd2 Kd8 42. Rxh7 Nc6 43.
Bd6 f4 44. exf4 gxf4 45. Rh4 Nxd4 46. Rxf4 Kd7 47. Rxe4 dxe4 48. Bb4 Nf3+ 49. Ke3 Nxh2 50. Kxe4 Ng4 51. Be1 Nf6+ 52. Ke5 Ne8 53. Bg3 Kc6 54. Ke6 Kb5 55. Be1 Nc7+ 56. Kd6 Na6 57. Kd5 Nc5 58. b4 Na6 59. Kd4 Nxb4 1/2-1/2

[Event "Late-Titled-Tuesday-Blitz-June-25-2024"]
[Site "Chess.com"]
[Date "2024.06.25"]
[Round "1"]
[White "chesspingvin1995"]
[Black "wild3000"]
[Result "1-0"]
[WhiteElo "2212"]
[BlackElo "2550"]
[TimeControl "180+1"]
[EndTime "14:08:19 PDT"]
[Termination "chesspingvin1995 won by checkmate"]

1. Nf3 d5 2. g3 Nf6 3. Bg2 g6 4. O-O Bg7 5. d4 O-O 6. c4 c6 7. cxd5 Nxd5 8. Nc3 Nxc3 9. bxc3 Bf5 10. Bf4 Nd7 11.
Re1 Be4 12. Ne5 Bxg2 13. Nxd7 Qxd7 14. Kxg2 Rfe8 15. Qd3 Rad8 16. Rad1 Qd5+ 17. Qf3 Qxa2 18. Ra1 Qc4 19. Rxa7 Rd7 20. Rb1 e5 21. dxe5 Bxe5 22. Bxe5 Rxe5 23. Rbxb7 Rxb7 24. Rxb7 Rf5 25. Qd3 Qe6 26.
Rb8+ Kg7 27. Qd4+ Qe5 28. Qxe5+ Rxe5 29. Kf3 h5 30. h4 Kf6 31. e4 Rc5 32. Rb3 Ke6 33.
Ke3 Ra5 34. Rb6 Kd6 35. Rb7 f5 36. Rg7 fxe4 37. Rxg6+ Kd7 38. Kxe4 Ra4+ 39. Kd3 Ra2 40. Rf6 Rb2 41. Rf5 Ke6 42. Rxh5 Rxf2 43. Rg5 Rh2 44.
h5 Rh3 45. Ke4 Rh1 46. Rg6+ Kd7 47. g4 Rc1 48. Kd3 Rd1+ 49. Kc2 Rh1 50. h6 Kc7 51. Rg7+ Kb6 52. g5 Kb5 53. h7 Kc4 54. g6 Rh2+ 55.
Kd1 Kd3 56. Ke1 Kxc3 57. Rg8 Rh1+ 58. Kf2 Rh6 59. h8=Q+ Rxh8 60. Rxh8 Kd4 61. g7 c5 62. g8=Q c4 63. Rh4+ Kc3 64. Qxc4+ Kb2 65. Rd4 Ka3 66. Rd3+ Kb2 67. Qb3+ Kc1 68. Rd1# 1-0

[Event "Late-Titled-Tuesday-Blitz-June-25-2024"]
[Site "Chess.com"]
[Date "2024.06.25"]
[Round "1"]
[White "IngOscarArdila"]
[Black "Maus7"]
[Result "0-1"]
[WhiteElo "2373"]
[BlackElo "2658"]
[TimeControl "180+1"]
[EndTime "14:08:22 PDT"]
[Termination "Maus7 won by resignation"]

1. d4 Nf6 2. c4 e6 3. Nc3 Bb4 4. Qc2 d6 5. Bg5 h6 6. Bxf6 Qxf6 7. a3 Bxc3+ 8. Qxc3 c5 9. Nf3 Nc6 10. e3 O-O 11.
Rc1 cxd4 12. Nxd4 e5 13. Nf3 Qg6 14. g3 e4 15. Nd4 Ne5 16. Be2 Bh3 17. b3 Rac8 18.
Qd2 Rfd8 19. Nb5 a6 20. Nc3 b5 21. Nd5 Kf8 22. Nf4 Qf5 23. Rg1 Bg4 24. h3 Bxe2 25.
Qxe2 Nf3+ 26. Kf1 Nxg1 27. Kxg1 d5 28. c5 d4 29. b4 d3 30. Qd2 g5 31. g4 Qe5 32.
Nh5 f6 33. Ng3 Kf7 34. Nf5 h5 35. Kg2 hxg4 36. hxg4 Rh8 37. Nd6+ Kg6 38. Rg1 Rh2+ 39. Kf1 Rch8 40. Nf5 Qa1+ 41. Qe1 Qxe1+ 42. Kxe1 Rh1 43. Rxh1 Rxh1+ 44. Kd2 Ra1 45. Nd6 Ra2+ 46. Ke1 Rxa3 47. Nxe4 f5 48. gxf5+ Kxf5 49. Nd6+ Ke6 50. Kd2 Rb3 51. Ne4 g4 52. Ng5+ Kd5 53. e4+ Kd4 54.
e5 Rb2+ 55. Kc1 Rc2+ 56. Kd1 Kxe5 57. Nf7+ Kd5 58. Nh6 Rc4 59. Kd2 Rf4 60. Kxd3 Rxb4 61. Nf5 Kxc5 62. Ne3 Rf4 63. Nc2 Rxf2 64. Ne3 Rf3 65.
Ke2 Rxe3+ 66. Kxe3 a5 0-1

[Event "Late-Titled-Tuesday-Blitz-June-25-2024"]
[Site "Chess.com"]
[Date "2024.06.25"]
[Round "1"]
[White "HajiyevKanan"]
[Black "KnightmareJoker"]
[Result "1-0"]
[WhiteElo "2606"]
[BlackElo "2286"]
[TimeControl "180+1"]
[EndTime "14:08:23 PDT"]
[Termination "HajiyevKanan won by resignation"]

1. d4 d5 2. Nf3 Nf6 3. c4 e6 4. cxd5 exd5 5. Nc3 Bd6 6. Qc2 c6 7. Bg5 h6 8. Bxf6 Qxf6 9. Nxd5 cxd5 10. Qxc8+ Qd8 11.
Qxd8+ Kxd8 12. e3 Nc6 13. Bb5 Re8 14. O-O a6 15. Bxc6 bxc6 16. Rfc1 Kd7 17. Rc2 Rab8 18. Rac1 Rb6 19. g3 Reb8 20. b3 Re8 21. Ne1 Re6 22.
Nd3 g5 23. Kg2 Rf6 24. g4 Re6 25. h3 Rf6 26. h4 gxh4 27. Rh1 Rb8 28. Rxh4 Rg8 29. f3 Re6 30. Kf2 a5 31. Rc1 f5 32.
gxf5 Bg3+ 33. Ke2 Rxe3+ 34. Kxe3 Bxh4 35. Ne5+ Kc7 36. Rxc6+ Kb7 37. Rd6 Bg5+ 38. f4 Bh4 39.
Ng6 Bd8 40. Rxd5 Kc6 41. Rc5+ Kd6 42. Ke4 h5 43. Rd5+ Kc6 44. Ne5+ Kb7 45. Rd7+ Kc8 46. Rh7 h4 47. Kd5 Rf8 48. Ke6 Rf6+ 49. Kd5 Rxf5 50. Ke4 Rf6 51. f5 Ra6 52. Rh8 a4 53. b4 a3 54. Kd5 Rf6 55. Nc6 Rxf5+ 56. Kc4 Kd7 57.
Nxd8 Rf1 58. Nb7 Kc7 59. Nc5 Rc1+ 60. Kb3 Rh1 61. Rh6 h3 62. Kxa3 h2 63. Kb2 Kc8 64. a4 Kc7 65. a5 Kc8 66. a6 Kc7 67. b5 Rg1 68. Rxh2 Kb6 69. Rh8 Rg2+ 70. Kc3 Rg3+ 71. Nd3 Rg1 72. Rb8+ Ka7 73. Rb7+ Ka8 74. Rb6 Ka7 75.
Rc6 Rc1+ 76. Nxc1 Ka8 77. d5 Ka7 78. Kc4 Kb8 79. b6 1-0

[Event "Late-Titled-Tuesday-Blitz-June-25-2024"]
[Site "Chess.com"]
[Date "2024.06.25"]
[Round "1"]
[White "NailBashirli"]
[Black "biostatistician"]
[Result "1-0"]
[WhiteElo "2779"]
[BlackElo "2453"]
[TimeControl "180+1"]
[EndTime "14:08:25 PDT"]
[Termination "NailBashirli won by checkmate"]

1. e4 e5 2. Nf3 Nc6 3. Bb5 Nf6 4. O-O Nxe4 5. Re1 Nd6 6. Nxe5 Be7 7. Bf1 Nxe5 8. Rxe5 O-O 9. d4 Bf6 10. Re1 Nf5 11. d5 Re8 12. Nd2 Rxe1 13. Qxe1 d6 14. Ne4 Bd4 15. a4 a5 16. Ra3 Bd7 17. Rf3 Bb6 18. Bd3 Qh4 19. Bg5 Qh5 20. h3 Re8 21. g4 Nd4 22. Re3 Bxg4 23. Nf6+ gxf6 24. Rxe8+ Kg7 25.
Bxf6+ Kxf6 26. Qe7+ Kg7 27. Qf8+ Kf6 28. Qh8+ Kg5 29.
Qg7+ Kh4 30. Qxg4+ Qxg4+ 31. hxg4 Kxg4 32. Bxh7 f5 33. c3 Nf3+ 34. Kg2 Ng5 35. Rg8 f4 36. Be4 f3+ 37.
Bxf3+ Kf4 38. Rf8+ Ke5 39. Bg4 Ke4 40. Rf5 Nh7 41.
f3+ Kd3 42. f4 Kc2 43. Rf7 Kxb2 44. Rxh7 Kxc3 45. f5 Bd4 46. Rxc7+ Kb4 47. Rxb7+ Kxa4 48. Kf3 Ka3 49. Ke4 Be5 50. Kd3 a4 51. Bd1 Bf6 52. Ra7 Kb4 53. Rxa4+ Kc5 54. Ke4 Be5 55. Ra8 Kb6 56. Re8 Bc3 57. Re6 Kc7 58. Re7+ Kd8 59. Rh7 Ke8 60. Bh5+ Kf8 61. Rd7 Be5 62. f6 Kg8 63.
Kf5 Kh8 64. Kg6 Bxf6 65. Kxf6 Kg8 66. Bg6 Kf8 67. Rd8# 1-0

[Event "Late-Titled-Tuesday-Blitz-June-25-2024"]
[Site "Chess.com"]
[Date "2024.06.25"]
[Round "1"]
[White "Sasha_Solovev_777"]
[Black "koncheto"]
[Result "1-0"]
[WhiteElo "2262"]
[BlackElo "2579"]
[TimeControl "180+1"]
[EndTime "14:08:26 PDT"]
[Termination "Sasha_Solovev_777 won by checkmate"]

1. e4 c5 2. Nf3 d6 3. d4 cxd4 4. Nxd4 Nf6 5. Nc3 Nc6 6. Bg5 e6 7. Qd2 a6 8. f3 Bd7 9. O-O-O b5 10. Nb3 Rc8 11. Kb1 Ne5 12. f4 b4 13. fxe5 bxc3 14. bxc3 Nxe4 15. Bxd8 Nxd2+ 16. Rxd2 Rxd8 17. exd6 Bb5 18. c4 Bc6 19. c5 f6 20. Bxa6 Kf7 21. Re1 e5 22. Bc4+ Kg6 23. Bd5 Rc8 24.
Red1 Ba4 25. Bb7 Rb8 26. c6 Bxc6 27. Bxc6 Rb6 28. Be8+ Kh6 29. d7 Be7 30. d8=Q Bxd8 31. Rxd8 e4 32. Ba4 Rxd8 33. Rxd8 Re6 34. Rd1 f5 35. g3 g5 36. Bd7 Re5 37. Rf1 e3 38. Re1 f4 39. Nd4 Re4 40. Nf3 Re7 41. Bg4 Kg6 42.
gxf4 gxf4 43. c4 h5 44. Bh3 Rc7 45. Bf1 Kf5 46. Kc2 Ke4 47. Be2 Ra7 48. Kb3 Rb7+ 49. Kc3 Ra7 50. Ra1 Rg7 51. a4 Rg2 52. Ra2 Rxe2 53.
Rxe2 Kxf3 54. Re1 Kf2 55. Ra1 f3 56. a5 e2 57. a6 e1=Q+ 58. Rxe1 Kxe1 59. a7 f2 60.
a8=Q f1=Q 61. Qe4+ Qe2 62. Qxe2+ Kxe2 63. c5 h4 64. c6 h3 65. c7 Kf3 66. c8=Q Kg2 67. Qc7 Kh1 68. Qe5 Kg2 69. Kd2 Kh1 70. Ke2 Kg2 71. Qg3+ Kh1 72. Qxh3 Kg1 73. Qh6 Kg2 74. h4 Kg3 75. h5 Kg2 76. Qg6+ Kh1 77. h6 Kh2 78. h7 Kh1 79. h8=Q# 1-0

[Event "Late-Titled-Tuesday-Blitz-June-25-2024"]
[Site "Chess.com"]
[Date "2024.06.25"]
[Round "1"]
[White "betta2004"]
[Black "WoodlandMagic"]
[Result "1-0"]
[WhiteElo "2500"]
[BlackElo "2844"]
[TimeControl "180+1"]
[EndTime "14:08:28 PDT"]
[Termination "betta2004 won by resignation"]

1. Nf3 g6 2. e4 Bg7 3. d4 a6 4. Nc3 b5 5. Bf4 Bb7 6. Bd3 d6 7. a3 Nd7 8. O-O Rc8 9. e5 dxe5 10.
Nxe5 Ngf6 11. Qe2 O-O 12. Rad1 e6 13. Ne4 Qe7 14. Nxf6+ Bxf6 15. Nxd7 Qxd7 16. Be5 Bxe5 17. dxe5 Qc6 18. f4 Rfd8 19. h4 Rd4 20. Kh2 Rcd8 21. h5 Qe8 22. Qg4 Qe7 23. Rfe1 Kg7 24. Re3 c5 25.
Rf1 c4 26. Be2 Be4 27. c3 Bf5 28. Qg3 Rd2 29. hxg6 hxg6 30. Bf3 Rxb2 31. Qe1 Rdd2 32. Kg1 Bg4 33. f5 exf5 34. e6 Bxf3 35. Rfxf3 Rxg2+ 36. Kf1 Rh2 37. Kg1 Rbg2+ 38. Kf1 Qg5 39. Rg3 Qf4+ 40.
Ref3 Qd6 41. Rxg2 Rh1+ 42. Rg1 Rxg1+ 43. Kxg1 fxe6 44. Re3 Kf6 45. Qf2 e5 46. Qh4+ Ke6 47.
Qg5 Kd5 48. Re1 Kc6 49. Qe3 e4 50. Kf2 Qxa3 51. Rd1 Qe7 52. Qf4 a5 53. Ke2 b4 54.
Qb8 Qc7 55. Qa8+ Kb6 56. Qd5 b3 57. Rb1 Qc6 58. Qd4+ Kb5 59. Ke3 a4 60. Kf4 a3 61.
Qe5+ Kb6 62. Qb8+ Ka6 63. Rd1 b2 64. Rd6 Qxd6+ 65. Qxd6+ Ka7 66. Qxa3+ Kb6 67. Qxb2+ Kc5 68. Qb4+ Kd5 69. Qb5+ Kd6 70. Qxc4 1-0

[Event "Late-Titled-Tuesday-Blitz-June-25-2024"]
[Site "Chess.com"]
[Date "2024.06.25"]
[Round "1"]
[White "ACollins05"]
[Black "Yaacovn"]
[Result "1/2-1/2"]
[WhiteElo "2408"]
[BlackElo "2688"]
[TimeControl "180+1"]
[EndTime "14:08:28 PDT"]
[Termination "Game drawn by repetition"]

1. d4 Nf6 2. c4 e5 3. dxe5 Ne4 4. Nd2 Bb4 5. Nf3 Nc6 6. e3 Qe7 7. Bd3 Nxd2 8. Bxd2 Bxd2+ 9. Qxd2 Nxe5 10. Nxe5 Qxe5 11. O-O O-O 12. Rfd1 d6 13. Be2 Bd7 14. Bf3 Bc6 15.
Bxc6 bxc6 16. Qd4 Rfe8 17. Qxe5 Rxe5 18. Rd2 a5 19. Kf1 Rb8 20. Ke2 c5 21. Rc1 Kf8 22. Rc3 Rb4 23. Rdc2 f5 24. g3 Kf7 25. Rb3 Re8 26.
Rxb4 axb4 27. b3 Ra8 28. h4 Ke6 29. Kf3 g6 30. e4 fxe4+ 31. Kxe4 c6 32. Re2 h6 33. g4 d5+ 34. Kd3+ Kd6 35. f4 Rf8 36. Rf2 h5 37. Ke3 hxg4 38. Rg2 Re8+ 39. Kd3 Rh8 40. Rxg4 Rh6 41. Rg5 Ke6 42. Re5+ Kd6 43. Rg5 Rxh4 44. Rxg6+ Kd7 45. cxd5 cxd5 46. Rg5 Kc6 47.
Rg6+ Kb5 48. Rd6 Rh3+ 49. Kc2 d4 50. f5 Rc3+ 51. Kb2 Rf3 52. f6 Rf2+ 53. Kb1 Rf1+ 54. Kb2 Rf2+ 55. Kb1 Rh2 56. f7 Rf2 57. Rd7 Kc6 58.
Re7 Kd6 59. Ra7 Ke6 60. Rc7 Rxf7 61. Rxc5 Kd6 62. Rc4 Kd5 63. Rxb4 Rf1+ 64. Kc2 Ke4 65. Rb8 Rf2+ 66. Kd1 Rxa2 67. Rh8 Rb2 68. Rh3 Kd5 69. Kc1 Rg2 70. Kd1 Kc5 71. Rf3 Rh2 72. Rg3 Kd5 73.
Rf3 Ke4 74. Rg3 d3 75. Rg8 Kd4 76. Rd8+ Kc3 77. Rc8+ Kd4 78. Rd8+ Ke4 79. Re8+ Kd4 80. Rd8+ 1/2-1/2